 Dungeon Crawl Stone Soup version 0.19.5 (webtiles) character file.

148 Reinor the Ducker (level 5, 0/24 HPs)
             Began as a Spriggan Earth Elementalist on May 10, 2017.
             Slain by a mummy (19 damage)
             ... in an ossuary.
             The game lasted 00:12:40 (3606 turns).

Reinor the Ducker (Spriggan Earth Elementalist)     Turns: 3606, Time: 00:12:41

Health: 0/24       AC:  3    Str:  4    XL:     5   Next: 8%
Magic:  10/12      EV: 20    Int: 17    God:
Gold:   142        SH:  0    Dex: 17    Spells: 3 memorised, 6 levels left

rFire  . . .     SeeInvis +     b - 73 stones
rCold  . . .     Gourm    .     c - +1 robe
rNeg   . . .     Faith    .     (shield restricted)
rPois  .         Spirit   .     (helmet restricted)
rElec  .         Reflect  .     (no cloak)
rCorr  .         Harm     .     (gloves unavailable)
MR     .....                    (boots unavailable)
Stlth  ++........               t - amulet of magic regeneration
                                (no ring)
                                (no ring)

@: very quick
A: unfitting armour, see invisible, herbivore 3, speed 3, slow metabolism 2
a: no special abilities


You were in an ossuary.
You were not hungry.

You visited 1 branch of the dungeon, and saw 4 of its levels.
You also visited: Ossuary.

You collected 142 gold pieces.

Inventory:

Missiles
 b - 73 stones (in hand)
Armour
 c - a +1 robe (worn)
Jewellery
 q - an uncursed ring of see invisible {unknown}
 t - an amulet of magic regeneration (around neck)
Wands
 m - a wand of lightning (4/15)
 w - a wand of disintegration (1/24)
Scrolls
 n - a scroll of blinking
 p - a scroll of magic mapping
 x - a scroll of enchant armour
Potions
 a - a potion of heal wounds
 f - 4 potions of resistance
 g - a potion of brilliance
 h - a potion of cure mutation {unknown}
 i - a potion of might {unknown}
 j - a potion of magic {unknown}
 k - a potion of degeneration {unknown}
 l - a potion of agility {unknown}
 o - a potion of haste
 r - a potion of ambrosia {unknown}
 s - 2 potions of flight
Books
 e - a book of Geomancy

   Spells                             Type                      Level
   a - Sandblast                      Earth                        1
   b - Passwall                       Transmutation/Earth          2
   c - Stone Arrow                    Conjuration/Earth            3
   d - Petrify                        Transmutation/Earth          4
   e - Lee's Rapid Deconstruction     Earth                        5
Comestibles
 d - 2 bread rations
 v - a slice of pizza


   Skills:
 + Level 4.7 Dodging
 - Level 3.0 Stealth
 + Level 4.3 Spellcasting
 - Level 1.3 Transmutations
 + Level 3.9 Earth Magic


You had 6 spell levels left.
You knew the following spells:

 Your Spells              Type           Power        Failure   Level  Hunger
a - Sandblast             Erth           ###...       2%          1    None
b - Passwall              Tmut/Erth      ##........   10%         2    ##.....
c - Stone Arrow           Conj/Erth      ##....       21%         3    ###....


Dungeon Overview and Level Annotations

Branches:
Dungeon (4/15)             Temple (0/1) D:4

Altars:
Cheibriados
Dithmenos
Okawaru
Yredelemnul

Annotations:
D:4 McKennaii's ghost, amateur DEFE; Sigmund


Innate Abilities, Weirdness & Mutations

You are very small and have problems with some larger weapons.
You are too small for most types of armour.
You have supernaturally acute eyesight. (SInv)
You are a herbivore.
You cover ground extremely quickly.
You need consume almost no food.


Message History

The rocky blast hits the mummy.
The mummy is moderately damaged.
The mummy closely misses you.
Casting: Sandblast
Confirm with . or Enter, or press ? or * to list all spells.
Aiming: Sandblast
Press: ? - help, Shift-Dir - straight line, f/p - mummy
Aim: a mummy (moderately damaged)
The rocky blast hits the mummy.
The mummy is moderately damaged.
Casting: Sandblast
Confirm with . or Enter, or press ? or * to list all spells.
Aiming: Sandblast
Press: ? - help, Shift-Dir - straight line, f/p - mummy
Aim: a mummy (moderately damaged)
The rocky blast hits the mummy.
The mummy is severely damaged.
The mummy hits you!!
Ouch! That really hurt!
You die...

.................Z...
....................
#..................
#..........∩..Z... #
#..Z.Z.....∩.....Z #.
##.................
#..#...Z..............
#.....ZZZ...........Z.
#....@##..............
#....M##...Z......Z...
#.....................
#.^.^.................
###+.........#####....
#$$#.......... ... #$
#..........
############


You could see a mummy, a hobgoblin zombie, a gnoll zombie, 2 kobold zombies, a
big kobold zombie and an orc zombie.

Vanquished Creatures
  2 orc priests (D:3)
  An adder (D:3)
  A worm (D:3)
  3 dart slugs
  8 orcs (D:3)
  4 giant cockroaches
  6 goblins
  5 hobgoblins
  2 jackals (D:3)
  8 kobolds
  A quokka (D:3)
  2 ball pythons (D:2)
  6 bats
  10 frilled lizards
  5 rats
64 creatures vanquished.

Notes
Turn   | Place    | Note
-------+----------+-------------------------------------------
     0 | D:1      | Reinor the Spriggan Earth Elementalist began the quest for the Orb.
     0 | D:1      | Reached XP level 1. HP: 9/9 MP: 5/5
   369 | D:1      | Reached XP level 2. HP: 13/13 MP: 0/6
  1182 | D:1      | Learned a level 2 spell: Passwall
  1427 | D:1      | Reached XP level 3. HP: 16/16 MP: 6/8
  1849 | D:2      | Found a faded altar of an unknown god.
  2257 | D:2      | Found a basalt altar of Yredelemnul.
  2407 | D:3      | Learned a level 3 spell: Stone Arrow
  2695 | D:3      | Reached XP level 4. HP: 21/21 MP: 6/10
  2739 | D:3      | Found a shadowy altar of Dithmenos.
  2741 | D:3      | Found a snail-covered altar of Cheibriados.
  3111 | D:3      | Found an iron altar of Okawaru.
  3394 | D:3      | Reached XP level 5. HP: 24/24 MP: 9/12
  3548 | D:4      | Noticed McKennaii's ghost (amateur DEFE)
  3575 | D:4      | Noticed Sigmund
  3587 | D:4      | Found a sand-covered staircase.
  3593 | Ossuary  | Entered an ossuary
  3606 | Ossuary  | Slain by a mummy

Skill      XL: |  1  2  3  4 |
---------------+-------------+-----
Earth Magic    | 3 |  3.9
Spellcasting   | 3 4 |  4.3
Dodging        | 4 |  4.7
Stealth        | |  3.0
Transmutations | |  1.3

Action                   |  1- 3 |  4- 6 || total
-------------------------+-------+-------++-------
Melee: Unarmed           |     4 |       ||     4
 Cast: Sandblast         |    93 |    34 ||   127
  Use: Scroll            |     9 |     4 ||    13
Armor: Robe              |     4 |     1 ||     5
Dodge: Dodged            |    45 |    20 ||    65
